Map: Oxide LE

Players

Nice - Winner!

  • Race: Protoss Protoss

MysteryMan

  • Race: Zerg Zerg

VOD

Have the link to the VOD?

Description

Time

  • Played on: Sept. 30, 2021, 7:43 a.m.
  • Length: 15:09
Show
View Real Time Build Order
Export as new Build Order

Nice Protoss - Winner!

Build Orders: 1 Gate Expand, Oracle Opening, Carriers 

Get SALT Encoding   

  12  0:00  Probe  
  13  0:12  Probe  
  14  0:19  Pylon  
  14  0:24  Probe  
  15  0:37  Probe (Chrono Boost)  
  15  0:41  Gateway  
  16  0:49  Probe (Chrono Boost)  
  17  0:51  Assimilator  
  17  0:54  Probe (Chrono Boost)  
  18  1:03  Probe  
  19  1:15  Probe  
  20  1:28  Cybernetics Core  
  20  1:37  Nexus  
  20  1:44  Pylon  
  20  1:51  Assimilator  
  20  1:52  Probe  
  21  2:01  Adept (Chrono Boost)  
  21  2:04  Probe  
  24  2:16  Probe  
  24  2:21  Adept (Chrono Boost)  
  25  2:28  Probe  
  27  2:31  Stargate  
  27  2:43  Gateway  
  27  2:44  Adept  
  29  2:53  Probe  
  29  2:54  Shield Battery  
  29  2:58  Probe  
  31  3:05  Probe  
  32  3:08  Warp Gate  
  32  3:10  Probe  
  33  3:14  Oracle (Chrono Boost)  
  33  3:17  Probe  
  37  3:22  Probe  
  38  3:29  Probe  
  40  3:34  Probe  
  41  3:41  Oracle (Chrono Boost), Probe  
  41  3:44  Pylon  
  41  3:46  Probe  
  45  3:53  Probe  
  46  3:58  Probe  
  46  4:02  Gateway  
  43  4:05  Probe  
  44  4:10  Void Ray (Chrono Boost), Probe  
  48  4:17  Probe  
  48  4:19  Pylon  
  48  4:21  Pylon  
  48  4:22  Probe  
  51  4:25  Shield Battery  
  51  4:27  Adept  
  51  4:29  Probe  
  54  4:33  Shield Battery  
  54  4:37  Assimilator, Probe  
  55  4:41  Probe  
  55  4:43  Assimilator  
  56  4:49  Probe  
  56  4:51  Oracle (Chrono Boost)  
  57  4:54  Probe  
  61  5:01  Pylon  
  61  5:02  Probe  
  61  5:04  Robotics Facility  
  62  5:08  Probe  
  62  5:11  Pylon  
  62  5:13  Forge  
  62  5:14  Gateway  
  63  5:26  Adept x3  
  69  5:37  Gateway  
  69  5:39  Gateway, Pylon  
  69  5:47  Adept x3  
  75  5:51  Shield Battery  
  75  5:52  Pylon  
  75  6:20  Immortal (Chrono Boost), Probe x2  
  75  6:23  Robotics Bay  
  73  6:26  Adept x4  
  73  6:29  Protoss Ground Weapons Level 1  
  81  6:41  Pylon  
  81  6:43  Probe x2  
  81  6:45  Nexus  
  83  6:49  Sentry x3  
  89  6:58  Immortal (Chrono Boost), Probe  
  94  7:02  Sentry x2  
  94  7:03  Adept  
  94  7:06  Shield Battery  
  101  7:08  Probe  
  101  7:10  Probe  
  101  7:12  Shield Battery  
  102  7:21  Photon Cannon  
  102  7:23  Photon Cannon  
  102  7:24  Probe  
  102  7:28  Probe  
  104  7:36  Probe  
  102  7:39  Disruptor (Chrono Boost)  
  102  7:41  Phoenix (Chrono Boost)  
  102  7:43  Probe  
  108  7:46  Assimilator  
  108  7:48  Probe  
  108  7:49  Shield Battery  
  108  7:50  Assimilator  
  109  8:00  Stargate  
  109  8:03  Phoenix (Chrono Boost)  
  111  8:10  Disruptor  
  114  8:21  Phoenix, Pylon  
  114  8:24  Photon Cannon  
  116  8:28  Photon Cannon  
  116  8:33  Fleet Beacon  
  116  8:34  Probe  
  117  8:46  Phoenix (Chrono Boost)  
  112  8:55  Phoenix (Chrono Boost)  
  114  9:05  Phoenix (Chrono Boost)  
  114  9:09  Probe x2  
  118  9:10  Probe  
  118  9:12  Phoenix  
  121  9:18  Photon Cannon  
  121  9:21  Probe x2  
  121  9:23  Nexus, Anion Pulse-Crystals (Chrono Boost), Probe  
  124  9:25  Pylon  
  124  9:26  Protoss Air Weapons Level 1  
  124  9:30  Twilight Council, Phoenix  
  124  9:33  Probe x2  
  124  9:35  Probe  
  129  9:45  Probe x2  
  131  9:46  Assimilator  
  131  9:48  Probe  
  131  9:49  Assimilator  
  131  9:52  Disruptor, Shield Battery  
  132  9:54  Photon Cannon  
  132  9:57  Probe x2  
  131  10:00  Probe  
  131  10:06  Phoenix  
  131  10:07  Phoenix, Charge (Chrono Boost)  
  134  10:15  Probe x3  
  137  10:26  Photon Cannon  
  137  10:27  Probe, Pylon  
  139  10:28  Photon Cannon  
  139  10:30  Probe, Shield Battery  
  139  10:36  Templar Archives  
  139  10:37  Protoss Ground Weapons Level 2 (Chrono Boost)  
  139  10:44  Disruptor (Chrono Boost)  
  142  10:51  Pylon  
  141  11:01  Carrier (Chrono Boost)  
  147  11:11  Pylon  
  147  11:13  Pylon  
  147  11:14  Photon Cannon  
  147  11:15  Photon Cannon  
  147  11:16  Carrier (Chrono Boost)  
  147  11:17  Shield Battery  
  141  11:23  Stargate  
  147  11:26  Probe  
  147  11:27  Probe x3  
  151  11:42  Disruptor  
  151  11:46  Zealot x2  
  151  11:47  Zealot x3  
  162  11:50  Protoss Air Weapons Level 2  
  158  12:13  Zealot x6  
  127  12:26  Carrier (Chrono Boost)  
  127  12:27  Disruptor (Chrono Boost)  
  97  12:34  Zealot x5  
  97  12:35  Zealot  
  102  12:45  Carrier (Chrono Boost)  
  89  12:57  High Templar  
  89  12:58  High Templar x3  
  95  12:59  High Templar x2  
  95  13:01  Disruptor  
  95  13:02  Archon x2  
  95  13:04  Archon  
  102  13:21  Nexus, Pylon  
  102  13:26  Carrier (Chrono Boost)  
  102  13:30  Zealot x4  
  102  13:31  Zealot x2  
  114  13:37  Disruptor (Chrono Boost)  
  117  13:44  Shield Battery  
  117  13:59  Carrier (Chrono Boost)  
  123  14:03  Photon Cannon  
  111  14:12  High Templar x2  
  111  14:16  Archon  
  115  14:19  Disruptor (Chrono Boost)  
  116  14:26  Assimilator  
  116  14:27  Assimilator  
  114  14:46  Zealot x6  
Show
View Real Time Build Order
Export as new Build Order

MysteryMan Zerg 

Build Orders: Pool First 

Get SALT Encoding   

  12  0:00  Drone  
  13  0:12  Overlord  
  13  0:17  Drone  
  14  0:30  Drone x2  
  14  0:35  Drone  
  17  0:44  Extractor  
  17  0:46  Spawning Pool  
  17  0:49  Drone  
  16  0:56  Drone  
  17  1:16  Hatchery  
  16  1:19  Drone  
  16  1:23  Drone  
  18  1:28  Drone  
  19  1:39  Queen  
  21  1:46  Overlord  
  21  1:52  Metabolic Boost  
  21  1:57  Zergling x2  
  22  2:06  Zergling x2  
  23  2:15  Drone, Queen  
  26  2:23  Drone  
  27  2:30  Drone  
  28  2:38  Drone  
  28  2:43  Hatchery  
  28  2:46  Zergling x2  
  28  2:49  Drone x2  
  31  2:54  Drone  
  31  2:57  Drone  
  33  3:04  Lair  
  33  3:09  Overlord  
  33  3:13  Drone  
  33  3:15  Drone  
  35  3:21  Drone  
  35  3:25  Extractor  
  35  3:28  Drone x4  
  38  3:35  Overlord  
  38  3:36  Zergling x4  
  38  3:38  Drone  
  41  3:43  Zergling x2  
  41  3:44  Drone  
  43  3:50  Extractor  
  43  3:55  Drone x4  
  43  3:56  Drone  
  43  4:00  Drone x2  
  47  4:07  Drone, Hydralisk Den  
  43  4:12  Drone  
  43  4:16  Drone  
  45  4:17  Drone  
  45  4:22  Drone  
  45  4:23  Drone  
  48  4:29  Spore Crawler  
  47  4:31  Spore Crawler  
  47  4:33  Drone  
  47  4:34  Drone x3  
  50  4:39  Muscular Augments  
  50  4:44  Drone  
  50  4:45  Drone x2  
  52  4:52  Drone x2  
  50  4:57  Drone x2  
  52  5:02  Drone x3  
  52  5:07  Drone x3  
  56  5:10  Overlord  
  56  5:13  Overlord  
  58  5:21  Spore Crawler  
  53  5:23  Overlord  
  53  5:28  Overlord  
  53  5:32  Hydralisk x2  
  57  5:41  Overlord  
  57  5:42  Hydralisk x2, Extractor  
  56  5:43  Hydralisk  
  62  5:51  Hydralisk x2  
  65  6:00  Zergling x12  
  68  6:06  Zergling x2  
  68  6:07  Zergling x2  
  59  6:20  Drone x2  
  59  6:23  Drone  
  59  6:25  Drone  
  61  6:30  Drone x2  
  61  6:31  Drone  
  64  6:36  Drone x3  
  67  6:44  Drone  
  67  6:45  Spire  
  67  6:48  Drone x2  
  67  6:53  Drone x4  
  73  6:58  Queen  
  72  7:03  Drone x3  
  75  7:09  Drone  
  75  7:14  Overlord  
  76  7:15  Overlord  
  76  7:19  Queen  
  72  7:41  Drone x4  
  76  7:57  Extractor  
  76  7:58  Mutalisk x7, Extractor  
  75  8:00  Overseer  
  75  8:03  Hatchery, Mutalisk  
  75  8:05  Zerg Flyer Weapons Level 1  
  89  8:10  Mutalisk x2  
  93  8:21  Drone x3  
  93  8:22  Drone  
  93  8:24  Overlord x3  
  97  8:29  Overlord  
  97  8:31  Overlord  
  96  8:48  Mutalisk  
  96  8:49  Mutalisk x4  
  102  8:56  Mutalisk  
  102  8:58  Drone x6  
  110  9:04  Drone x4  
  110  9:09  Overlord  
  114  9:14  Hydralisk, Baneling Nest  
  114  9:15  Hydralisk  
  117  9:20  Drone  
  117  9:21  Drone  
  119  9:25  Drone x2  
  119  9:27  Evolution Chamber  
  119  9:30  Hydralisk x3  
  126  9:37  Hydralisk x3  
  132  9:40  Overlord  
  132  9:43  Spore Crawler  
  130  9:47  Overlord  
  130  9:52  Hydralisk x4  
  138  10:06  Hydralisk x6  
  138  10:12  Zerg Melee Weapons Level 1  
  144  10:15  Zergling x8  
  144  10:16  Zergling x4  
  144  10:20  Zergling x8  
  154  10:21  Baneling x3  
  154  10:22  Baneling  
  154  10:23  Zergling x2  
  154  10:24  Zergling x4  
  154  10:26  Zergling x4  
  159  10:30  Drone  
  159  10:34  Drone x2, Centrifugal Hooks  
  162  10:36  Drone  
  162  10:38  Drone  
  162  10:39  Drone x2  
  166  10:44  Overlord x2  
  158  10:59  Zergling x2  
  158  11:00  Zergling x18  
  150  11:06  Baneling x10  
  150  11:07  Zergling x8  
  150  11:10  Overlord  
  154  11:12  Zergling x4  
  154  11:17  Overlord  
  156  11:18  Zergling x2  
  156  11:19  Zergling x6  
  156  11:23  Overlord  
  156  11:25  Zergling x4  
  161  11:32  Zergling x4  
  164  11:37  Hatchery  
  163  11:40  Zergling x16  
  163  11:41  Baneling x5  
  163  11:42  Baneling  
  163  11:45  Zergling x10  
  176  11:54  Zergling x6  
  179  12:00  Zergling x2  
  178  12:05  Zergling x2  
  178  12:06  Zergling x10  
  172  12:13  Overlord  
  128  12:23  Zergling x12  
  128  12:24  Zergling x2  
  128  12:28  Hydralisk x3  
  116  12:39  Hydralisk  
  116  12:40  Hydralisk x3  
  116  12:43  Zergling x2  
  115  12:47  Zerg Melee Weapons Level 2  
  115  12:49  Drone x4  
  116  12:55  Drone  
  116  12:58  Zergling x10  
  116  13:01  Hydralisk x4  
  126  13:12  Zergling x8  
  127  13:16  Drone  
  127  13:18  Hatchery  
  127  13:21  Baneling x5  
  127  13:22  Baneling x6  
  127  13:23  Zergling x10  
  132  13:29  Zergling x14  
  139  13:36  Baneling x2  
  139  13:38  Zergling x2  
  139  13:39  Zergling x4  
  143  13:41  Zergling x2  
  143  13:45  Zergling x2  
  143  13:46  Zergling x2  
  145  13:49  Overseer, Zergling x8  
  145  13:51  Baneling x3  
  145  13:52  Baneling x4  
  145  13:59  Drone x8  
  145  14:02  Drone x2  
  151  14:09  Zergling x4  
  147  14:21  Zergling x6  
  147  14:22  Zergling x10  
  147  14:23  Baneling x3  
  152  14:27  Zergling x8  
Tags
 
Add a new tag
Caveats
  • Supply blocks, unpowered buildings, or Contaminate may cause inaccurate times.
  • Supply counts are checked every 10 seconds.